 Dungeon Crawl Stone Soup version 0.21.1-1-g345015f (webtiles) character file.

88 Inarius the Skirmisher (level 4, -2/37 HPs)
             Began as a Demonspawn Abyssal Knight on Feb 19, 2018.
             Slain by a thrashing horror (9 damage)
             ... created by the touch of Lugonu
             ... on level 2 of the Dungeon.
             The game lasted 00:05:15 (1918 turns).

Inarius the Skirmisher (Demonspawn Abyssal Knight)  Turns: 1918, Time: 00:05:16

Health: -2/37      AC:  5    Str: 13    XL:     4   Next: 30%
Magic:  0/5        EV: 10    Int: 14    God:
Gold:   70         SH:  0    Dex: 12    Spells: 3/3 levels left

rFire    . . .     SeeInvis .   k - +2 dagger (venom)
rCold    . . .     Gourm    .   (no shield)
rNeg     + . .     Faith    .   j - +0 ring mail
rPois    .         Spirit   +   (no helmet)
rElec    .         Reflect  .   (no cloak)
rCorr    .         Harm     .   (no gloves)
MR       .....                  (no boots)
Stlth    ..........             b - amulet of rage
HPRegen  0.12/turn              l - ring of positive energy
MPRegen  0.18/turn              (no ring)

@: confused
A: talons 1, magic shield, magic regeneration
a: Evoke Berserk Rage


You were on level 2 of the Dungeon.
You were very hungry.

You visited 1 branch of the dungeon, and saw 2 of its levels.
You visited the Abyss 1 time.

You collected 70 gold pieces.

Inventory:

Hand Weapons
 a - a +1 hand axe
 k - a +2 dagger of venom (weapon)
Armour
 j - a +0 ring mail (worn)
Jewellery
 b - an amulet of rage (around neck)
 l - a ring of positive energy (left hand)
Scrolls
 f - a scroll of fear {unknown}
 i - 2 scrolls of identify
Potions
 e - a potion of berserk rage
 g - a potion of brilliance
 h - 2 potions of agility
Comestibles
 c - 6 rations


   Skills:
 + Level 4.2 Fighting
 - Level 0.3 Short Blades
 - Level 2.0 Axes
 + Level 2.7 Armour
 + Level 1.3 Dodging
 - Level 0.2 Stealth
   Level 2.4 Invocations


You had 3 spell levels left.
You didn't know any spells.

Dungeon Overview and Level Annotations

Branches:
Dungeon (2/15)

Altars:

Annotations:
D:2 Terence


Innate Abilities, Weirdness & Mutations

You have sharp toenails.
When hurt, damage is shared between your health and your magic reserves.
You regenerate magic rapidly.


Message History

Found a stone staircase leading down.
You bump into the rock wall.
The thrashing horror closely misses you. x2
The thrashing horror roars!
Terence zaps a wand.
You hear a grinding noise.
It is a wand of digging (9).
The thrashing horror closely misses you.
The thrashing horror tramples you.
You are shoved backwards!
The thrashing horror roars!
The thrashing horror tramples you!
* * * LOW HITPOINT WARNING * * *
You hold your ground!
The thrashing horror tramples you.
* * * LOW HITPOINT WARNING * * *
You are shoved backwards!
The thrashing horror roars!
The thrashing horror barely misses you. x2
You can't go up here!
The thrashing horror tramples you!
You die...

#...#...# #.#
##..#.#.####'###
#....#.#......#
######..#.#.#......#
...........#.#......#
.......#.#.# #......#
......@..#.# ##'#####
...........# #.#
........@X.# #.#
......###.># #.#
.........#.# #.#
#.#####.#.# #.# ..
#.#.# #.# # #.#.# #.#
#### #.#.#
#.######.## #.#.#
#.........# #. .#
####.......


You could see a thrashing horror and Terence.

Vanquished Creatures
  A scorpion (D:2)
  An adder (D:2)
  A dart slug (D:1)
  A leopard gecko (D:1)
  A ball python (D:1)
  4 bats
  A giant cockroach (D:1)
  7 goblins
  3 hobgoblins (D:1)
  A frilled lizard (D:1)
  5 kobolds
  2 rats (D:1)
28 creatures vanquished.

Notes
Turn   | Place    | Note
-------+----------+-------------------------------------------
     0 | Abyss:1  | Inarius the Demonspawn Abyssal Knight began the quest for the Orb.
     0 | Abyss:1  | Reached XP level 1. HP: 18/18 MP: 2/2
    48 | Abyss:1  | Noticed a small abomination
    49 | D:1      | Escaped the Abyss
    53 | D:1      | Fell from the grace of Lugonu
   282 | D:1      | Gained mutation: When hurt, damage is shared between your health and your magic reserves. [demonic ancestry]
   282 | D:1      | Reached XP level 2. HP: 17/24 MP: 3/3
   992 | D:1      | Reached skill level 1 in Dodging
  1277 | D:2      | Gained mutation: You have sharp toenails. [demonic ancestry]
  1277 | D:2      | Reached XP level 3. HP: 23/30 MP: 2/4
  1444 | D:2      | Noticed a scorpion
  1452 | D:2      | Killed a scorpion
  1452 | D:2      | Reached skill level 4 in Fighting
  1452 | D:2      | Gained mutation: You regenerate magic rapidly. [demonic ancestry]
  1452 | D:2      | Reached XP level 4. HP: 21/37 MP: 2/5
  1910 | D:2      | Noticed a thrashing horror
  1912 | D:2      | Noticed Terence
  1918 | D:2      | Slain by a thrashing horror

Skill      XL: |  1  2  3 |
---------------+----------+-----
Axes           | 2 |  2.0
Armour         | 2 |  2.7
Dodging        | 1 |  1.3
Fighting       | 4 |  4.2
Short Blades   | |  0.3
Stealth        | |  0.2
Invocations    | |  2.4

Action                   |  1- 3 |  4- 6 || total
-------------------------+-------+-------++-------
Melee: Hand axe          |    62 |       ||    62
       Dagger            |    27 |     4 ||    31
       Kick              |     3 |     1 ||     4
Invok: Depart the Abyss  |     1 |       ||     1
       Renounce Religion |     1 |       ||     1
  Use: Scroll            |     4 |       ||     4
       Potion            |       |     2 ||     2
  Eat: Chunk             |     2 |       ||     2
Armor: Leather armour    |    12 |       ||    12
       Ring mail         |     9 |     1 ||    10
Dodge: Dodged            |    47 |    14 ||    61
